 Dungeon Crawl Stone Soup version 0.17-a0-129-g9432df0 (webtiles) character file.

854 PolkaDot the Fighter (level 7, 0/67 HPs)
             Began as a Vampire Enchanter on Mar 24, 2015.
             Was an Initiate of Ashenzari.
             Slain by a worker ant (6 damage)
             ... on level 5 of the Dungeon.
             The game lasted 00:16:20 (6573 turns).

PolkaDot the Fighter (Vampire Enchanter)            Turns: 6573, Time: 00:16:20

Health: 0/67       AC:  4    Str:  7    XL:     7   Next: 70%
Magic:  2/12       EV: 12    Int: 19    God:    Ashenzari [......]
Gold:   114        SH:  0    Dex: 14    Spells: 4 memorised, 0 levels left

rFire  . . .     SeeInvis +     d - +3 short sword
rCold  + + .     Clarity  .     b - +1 robe
rNeg   + + +     SustAb   .     (no shield)
rPois  ∞         Gourm    .     (no helmet)
rElec  .         Spirit   .     (no cloak)
rCorr  .         Warding  +     h - +0 pair of gloves (curse)
rMut   .         Stasis   .     (no boots)
MR     .....                    n - amulet of warding
Stlth  ++++......               (no ring)
                                l - ring of positive energy

@: bloodless, non-regenerating, not resistant to hostile enchantments, stealthy
A: bottle blood, fangs 3, see invisible, unbreathing
a: Bat Form, Renounce Religion


You were on level 5 of the Dungeon.
You worshipped Ashenzari.
Ashenzari was noncommittal.
You were bloodless.

You visited 2 branches of the dungeon, and saw 6 of its levels.

You collected 114 gold pieces.

Inventory:

Hand weapons
 a - a +1 dagger
 d - a +3 short sword (weapon)
Armour
 b - a +1 robe (worn)
 h - a cursed +0 pair of gloves (worn)
Jewellery
 l - a ring of positive energy (left hand)
 n - an amulet of warding (around neck)
Magical devices
 j - a wand of random effects (22)
Scrolls
 f - 2 scrolls of immolation {unknown}
 g - a scroll of enchant armour
 i - 2 scrolls of enchant weapon
 k - a scroll of amnesia
 m - 2 scrolls of recharging {unknown}
Potions
 c - 2 potions of brilliance


   Skills:
 - Level 10.8 Fighting
 + Level 3.8 Short Blades
 - Level 2.1 Dodging
 + Level 7.2 Stealth
 - Level 2.0 Spellcasting
 * Level 7.9 Hexes
 - Level 1.0 Ice Magic


You couldn't memorise any spells.
You knew the following spells:

 Your Spells              Type           Power        Failure   Level  Hunger
a - Corona                Hex            ####...      1%          1    #......
c - Confuse               Hex            ####....     1%          3    ###....
d - Ensorcelled Hibernat  Hex/Ice        ###...       6%          2    ###....
e - Enslavement           Hex            ####....     10%         4    #####..


Dungeon Overview and Level Annotations

Branches:
Dungeon (5/15)             Temple (1/1) D:5

Altars:
Ashenzari
Cheibriados
Dithmenos
Elyvilon
Fedhas
Gozag
Kikubaaqudgha
Makhleb
Nemelex Xobeh
Okawaru
Ru
Sif Muna
Trog
Vehumet
Xom
The Shining One

Annotations:
D:5 Ngotmuk's ghost, experienced DDFi


Innate Abilities, Weirdness & Mutations

You do not heal naturally.
You can bottle blood from corpses.
You have razor-sharp teeth.
You have supernaturally acute eyesight.
You can survive without breathing.


Message History

Casting: Ensorcelled Hibernation
Confirm with . or Enter, or press ? or * to list all spells.
Aiming: Ensorcelled Hibernation
Press: ? - help, Shift-Dir - straight line, f/p - worm
Aim: a worm (chance 57%)
The worm resists with significant effort.
* * * LOW MAGIC WARNING * * *
The worker ant bites you.
* * * LOW HITPOINT WARNING * * *
The worker ant bites you but does no damage.
The worker ant bites you.
* * * LOW HITPOINT WARNING * * *
The worker ant bites you.
* * * LOW HITPOINT WARNING * * *
The worker ant bites you.
* * * LOW HITPOINT WARNING * * *
The worker ant closely misses you. The worker ant bites you.
* * * LOW HITPOINT WARNING * * *
The worker ant bites you.
You die...

..# #....# ##.##
#.# #....## ##.#
#.. #.....## ##.##
......##..####
###..##.#
....####.....##...#
### ##.. #........#
#. #...#.a.##
#..####...##a.#
#........###@## .
.........# #.#
../.##..w###.# .#
##...#..##
##..w...# #......#
#....#..#
..........#
#.####...###


You could see 2 worker ants.

Vanquished Creatures
  A sky beast (D:4)
  An ogre (D:5)
  Sigmund (D:4)
  2 hounds (D:5)
  A jelly (D:5)
  An iguana (D:4)
  An orc wizard (D:3)
  A centaur skeleton (D:4)
  2 worker ants (D:4)
  7 gnolls
  4 adders
  2 giant mites
  3 giant geckos
  An ooze (D:3)
  5 orcs
  A bat skeleton (D:5)
  5 giant cockroaches
  8 goblins
  16 hobgoblins
  6 jackals
  13 kobolds
  3 quokkas
  12 bats
  A giant gecko zombie (D:5)
  7 giant newts
  A jackal skeleton (D:5)
  A quokka skeleton (D:5)
  14 rats
121 creatures vanquished.

Notes
Turn   | Place    | Note
--------------------------------------------------------------
     0 | D:1      | PolkaDot, the Vampire Enchanter, began the quest for the Orb.
     0 | D:1      | Reached XP level 1. HP: 13/13 MP: 3/3
   534 | D:1      | Reached XP level 2. HP: 13/19 MP: 4/4
   827 | D:1      | Learned a level 2 spell: Ensorcelled Hibernation
   932 | D:1      | Reached skill level 5 in Hexes
  1591 | D:2      | Reached XP level 3. HP: 21/24 MP: 0/6
  1734 | D:2      | Found a sparkling altar of Nemelex Xobeh.
  1735 | D:2      | Found a snail-covered altar of Cheibriados.
  1737 | D:2      | Found a glowing golden altar of the Shining One.
  1915 | D:2      | Found a blossoming altar of Fedhas.
  1932 | D:2      | Reached skill level 5 in Stealth
  1969 | D:2      | Reached skill level 1 in Ice Magic
  2316 | D:2      | Reached XP level 4. HP: 30/30 MP: 2/7
  2493 | D:2      | Learned a level 3 spell: Confuse
  2643 | D:3      | Reached skill level 6 in Hexes
  3468 | D:3      | Reached XP level 5. HP: 31/35 MP: 9/9
  3614 | D:3      | Found a deep blue altar of Sif Muna.
  3750 | D:3      | Noticed a big kobold
  3911 | D:3      | Reached skill level 10 in Fighting
  3911 | D:3      | Reached XP level 6. HP: 39/61 MP: 10/10
  4266 | D:4      | Found an opulent altar of Gozag.
  4309 | D:4      | Noticed Sigmund
  4324 | D:4      | Killed Sigmund
  4454 | D:4      | Reached XP level 7. HP: 23/67 MP: 0/12
  4954 | D:4      | Learned a level 4 spell: Enslavement
  5526 | D:5      | Entered Level 5 of the Dungeon
  5538 | D:5      | Noticed Ngotmuk's ghost (experienced DDFi)
  6036 | D:5      | Found a staircase to the Ecumenical Temple.
  6050 | Temple   | Entered the Ecumenical Temple
  6240 | Temple   | Became a worshipper of Ashenzari the Shackled
  6573 | D:5      | Slain by a worker ant

Action                   |  1- 3 |  4- 6 |  7- 9 || total
-------------------------+-------+-------+-------++-------
Melee: Dagger            |   124 |    28 |       ||   152
       Short sword       |       |    81 |    55 ||   136
 Cast: Ensorcelled Hiber |    11 |    29 |    29 ||    69
       Corona            |     2 |     2 |     2 ||     6
       Confuse           |       |     2 |     2 ||     4
  Use: Potion            |       |     8 |     1 ||     9
       Scroll            |       |     2 |     3 ||     5
 Stab: Sleeping          |    18 |    21 |    19 ||    58
       Distracted        |     1 |       |       ||     1
       Confused          |       |     1 |     1 ||     2
  Eat: Corpse            |       |     1 |       ||     1
